 Dungeon Crawl Stone Soup version 0.19-a0-1654-g9d3f708 (webtiles) character file.

696 Amnesiac the Charlatan (level 7, -5/48 HPs)
             Began as a Mummy Artificer on Sept 21, 2016.
             Was an Initiate of Gozag.
             Slain by Duvessa
             ... wielding a +3 rapier of venom
              (12 damage)
             ... on level 5 of the Dungeon.
             The game lasted 00:09:12 (7855 turns).

Amnesiac the Charlatan (Mummy Artificer)            Turns: 7855, Time: 00:09:13

Health: -5/48      AC:  8    Str: 15    XL:     7   Next: 37%
Magic:  12/12      EV:  9    Int: 10    God:    Gozag
Gold:   425        SH:  0    Dex: 15    Spells: 0 memorised, 6 levels left

rFire  x . .     SeeInvis .     v - +0 quarterstaff
rCold  + . .     Gourm    .     n - +0 scale mail
rNeg   + + +     Faith    .     (shield currently unavailable)
rPois  ∞         Spirit   .     x - +0 helmet
rElec  .         Dismiss  .     (no cloak)
rCorr  .         Reflect  .     b - +0 pair of gloves
MR     +....     Harm     .     (no boots)
Stlth  ..........               (no amulet)
                                (no ring)
                                g - ring of protection from magic

@: no status effects
A: no food or potions, fire vulnerability, cold resistance 1, negative energy
resistance 3, torment resistance, unbreathing
a: Potion Petition, Call Merchant, Bribe Branch, Renounce Religion


You were on level 5 of the Dungeon.
You worshipped Gozag.
Gozag was aware of your devotion.
You were not hungry.

You visited 1 branch of the dungeon, and saw 5 of its levels.

You collected 484 gold pieces.
You paid 59 gold pieces to Gozag.

Inventory:

Hand Weapons
 a - a +0 short sword
 m - a +0 morningstar
 v - a +0 quarterstaff (weapon)
Missiles
 o - 16 poisoned needles
Armour
 b - a +0 pair of gloves (worn)
 n - a +0 scale mail (worn)
 x - a +0 helmet (worn)
Jewellery
 g - a ring of protection from magic (left hand)
 u - an uncursed amulet of magic regeneration {unknown}
 A - a +4 ring of protection {unknown}
Wands
 c - a wand of flame (0/48)
 d - a wand of enslavement (6/24)
 e - a wand of random effects (0/48)
Scrolls
 f - a scroll of amnesia {unknown}
 h - a scroll of summoning {unknown}
 i - 2 scrolls of identify {unknown}
 j - 2 scrolls of magic mapping {unknown}
 k - 2 scrolls of blinking {unknown}
 l - a scroll of immolation {unknown}
 p - 3 scrolls of teleportation {unknown}
 q - a scroll of vulnerability {unknown}
 r - 3 scrolls of recharging {unknown}
 s - a scroll of remove curse {unknown}
 t - 3 scrolls of noise {unknown}
 w - a scroll of enchant armour {unknown}
 y - a scroll of enchant weapon {unknown}
 z - a scroll of fear {unknown}


   Skills:
 - Level 1.0 Fighting
 - Level 0.7 Short Blades
 + Level 1.1 Maces & Flails
 - Level 1.5 Dodging
 - Level 0.7 Stealth
 - Level 7.1 Evocations


You had 6 spell levels left.
You didn't know any spells.

Dungeon Overview and Level Annotations

Branches:
Dungeon (5/15)
 Temple: D:4-7

Altars:
Fedhas
Gozag

Annotations:
D:5 Duvessa


Innate Abilities, Weirdness & Mutations

You do not eat or drink.
Your flesh is vulnerable to fire.
You are immune to poison.
Your flesh is cold resistant. (rC+)
You are immune to negative energy. (rN+++)
You are immune to unholy pain and torment.
You can survive without breathing.


Message History

You are too injured to fight recklessly!
You are too injured to fight recklessly!
You are too injured to fight recklessly!
You are too injured to fight recklessly!
You are too injured to fight recklessly!
You are too injured to fight recklessly!
You are too injured to fight recklessly!
You are too injured to fight recklessly!
You are too injured to fight recklessly!
You are too injured to fight recklessly!
You are too injured to fight recklessly!
You hit Duvessa.
Duvessa is severely wounded.
Duvessa hits you with a rapier of venom.
* * * LOW HITPOINT WARNING * * *
You hit Duvessa.
Duvessa is severely wounded.
Duvessa hits you with a rapier of venom!
You die...
Your body crumbles into a pile of gold.

### #.###.#.########.# #<#
#.#.......# #.# #.#
#.#.#.#.#.######.# # ##.##
#.#.#.#.#.##...).# #
#...####.#.#.#.#.##.####### #
#..........#.#.#.##.......# #
#..........#.#.#.#######.##
#######.........e#.#........##.#
................@#.....####.##.#
#######..#......###########.##.#
##.#..................##.#
#..####################.##
#........... #.......#
##.#######.# #.####### #.#######
# #.# #.#.....#.# #.#
#.......#.# #.#


You could see Duvessa.

Vanquished Creatures
  A swamp drake (D:4)
  An ogre (D:4)
  A centaur (D:4)
  A crimson imp (D:5)
  A bullfrog zombie (D:5)
  A jelly (D:5)
  3 hounds
  A bullfrog skeleton (D:4)
  Robin (D:3)
  12 adders
  A howler monkey skeleton (D:5)
  An adder skeleton (D:5)
  A worm (D:2)
  A dart slug (D:2)
  2 leopard geckos
  4 orcs
  2 ball pythons
  3 giant cockroaches
  17 goblins
  10 hobgoblins
  8 kobolds
  11 bats
  3 frilled lizards
  A quokka skeleton (D:4)
  6 rats
94 creatures vanquished.

Vanquished Creatures (collateral kills)
  A gnoll (D:4)
1 creature vanquished.

Vanquished Creatures (others)
  A worker ant (D:4)
  7 toadstools (D:1)
8 creatures vanquished.

Grand Total: 103 creatures vanquished

Notes
Turn   | Place    | Note
-------+----------+-------------------------------------------
     0 | D:1      | Amnesiac the Mummy Artificer began the quest for the Orb.
     0 | D:1      | Reached XP level 1. HP: 15/15 MP: 2/2
   234 | D:2      | Reached XP level 2. HP: 13/21 MP: 4/4
   321 | D:2      | Reached skill level 3 in Evocations
   502 | D:4      | Noticed a swamp drake
   502 | D:4      | a hound changed into a swamp drake
   511 | D:5      | Entered Level 5 of the Dungeon
   755 | D:5      | Reached XP level 3. HP: 26/26 MP: 5/5
   885 | D:5      | Reached skill level 4 in Evocations
  1195 | D:5      | Reached XP level 4. HP: 15/32 MP: 7/7
  1697 | D:5      | Noticed Eustachio
  1851 | D:4      | Killed a swamp drake
  1851 | D:4      | Reached skill level 5 in Evocations
  1851 | D:4      | Reached XP level 5. HP: 14/37 MP: 8/8
  2045 | D:4      | Noticed a centaur
  2045 | D:4      | a worker ant changed into a centaur
  2596 | D:4      | Found a blossoming altar of Fedhas.
  2624 | D:4      | Reached XP level 6. HP: 33/43 MP: 10/10
  2666 | D:4      | Reached skill level 6 in Evocations
  3881 | D:5      | Noticed Eustachio
  3881 | D:5      | Eustachio changed into Eustachio the jelly
  3981 | D:5      | Killed Eustachio the jelly
  3981 | D:5      | Reached XP level 7. HP: 30/48 MP: 10/12
  4524 | D:5      | Found an opulent altar of Gozag.
  4549 | D:5      | Became a worshipper of Gozag Ym Sagoz the Greedy
  5050 | D:1      | Reached skill level 7 in Evocations
  5873 | D:2      | Reached skill level 1 in Maces & Flails
  6201 | D:3      | Noticed Robin
  6401 | D:3      | Killed Robin
  6773 | D:5      | Noticed Duvessa
  6818 | D:5      | HP: 2/48 [Duvessa/rapier of venom (11)]
  7855 | D:5      | Slain by Duvessa

Vault maps used:
D:1:      nagdon_arrival_double_spiral, moated_statue
D:2:      supply_closet_lemuel, kennysheep_nondescript
D:3:      first_bread, uniq_robin
D:4:      corexii_shack_village, fedhas_altar_3
D:5:      basic_altar, kennysheep_generic_room_3, uniq_eustachio, uniq_duvessa

Skill      XL: |  1  2  3  4  5  6  7 |
---------------+----------------------+-----
Evocations     | 3 4 5 6 7 |  7.1
Maces & Flails | 1 |  1.1
Fighting       | |  1.0
Short Blades   | |  0.7
Dodging        | |  1.5
Stealth        | |  0.7

Action                   |  1- 3 |  4- 6 |  7- 9 || total
-------------------------+-------+-------+-------++-------
Melee: Short sword       |    60 |   145 |     2 ||   207
       Morningstar       |       |       |   245 ||   245
       Quarterstaff      |       |       |   153 ||   153
Evoke: Wand              |    11 |    28 |       ||    39
 Stab: Sleeping          |       |     1 |       ||     1
Armor: Leather armour    |    14 |    24 |       ||    38
       Scale mail        |       |    11 |   234 ||   245
Dodge: Dodged            |    40 |    89 |   222 ||   351
